 Dungeon Crawl Stone Soup version 0.28.0-53-g5a82cb258f (webtiles) character file.

Game seed: 16822439608009323653

117 MiltankisOP the Changer (level 5, -1/44 HPs)
             Began as a Naga Transmuter on June 25, 2022.
             Slain by a goblin
             ... wielding a +0 club
             ... led by Robin
              (2 damage)
             ... on level 4 of the Dungeon.
             The game lasted 00:07:16 (3815 turns).

MiltankisOP the Changer (Naga Transmuter)           Turns: 3815, Time: 00:07:17

Health: -1/44      AC:  2    Str: 12    XL:     5   Next: 1%
Magic:  8/8        EV: 10    Int: 15    God:
Gold:   143        SH:  0    Dex: 12    Spells: 7/8 levels left

rFire   . . .      SeeInvis +   k - +2 spear (venom)
rCold   . . .      Faith    .   (no shield)
rNeg    . . .      Spirit   .   a - +0 robe
rPois   +          Reflect  .   (no helmet)
rElec   .          Harm     .   (no cloak)
rCorr   .          Rampage  .   (no gloves)
Will    .....                   (no barding)
Stlth   +.........              (no amulet)
HPRegen 0.14/turn               (no ring)
MPRegen 0.11/turn               (no ring)

@: very slow
A: AC +1, large, see invisible, deformed body, poison resistance, slowness 2,
spit poison 1, naga tail 1
a: Spit Poison


You were on level 4 of the Dungeon.
You visited 1 branch of the dungeon, and saw 4 of its levels.

You collected 143 gold pieces.

Inventory:

Hand Weapons
 k - a +2 spear of venom (weapon)
Missiles
 i - 3 silver javelins (quivered)
Armour
 a - a +0 robe (worn)
 b - a +0 pair of boots
Jewellery
 s - a ring of magical power
 u - a ring of flight
Scrolls
 c - a scroll of identify {unknown}
 d - a scroll of enchant weapon {unknown}
 g - 3 scrolls of teleportation {unknown}
 h - a scroll of magic mapping {unknown}
 m - a scroll of amnesia {unknown}
 r - a scroll of enchant armour {unknown}
Potions
 e - a potion of berserk rage {unknown}
 f - a potion of brilliance {unknown}
 j - a potion of cancellation {unknown}
 l - 2 potions of curing {unknown}
 n - a potion of attraction {unknown}
 o - a potion of invisibility {unknown}
 p - 2 potions of flight {unknown}
 q - a potion of mutation {unknown}
 t - a potion of haste {unknown}


   Skills:
 - Level 1.0 Fighting
 - Level 1.5 Dodging
 - Level 3.0 Unarmed Combat
 - Level 2.0 Spellcasting
 + Level 5.0 Transmutations


You had 7 spell levels left.
You knew the following spells:

 Your Spells              Type           Power      Damage    Failure   Level
a - Beastly Appendage     Tmut           32%        N/A       2%          1

Your spell library contained the following spells:

 Spells                   Type           Power      Damage    Failure   Level
 Wereblood                Tmut           16%        N/A       4%          2
 Spider Form              Tmut/Pois      9%         N/A       24%         3
 Ignite Poison            Fire/Tmut/Pois 6%         N/A       32%         3
 Mephitic Cloud           Conj/Pois/Air  1%         N/A       54%         3
 Ice Form                 Ice/Tmut       9%         N/A       61%         4
 Freezing Cloud           Conj/Ice/Air   0%         6-21      99%         5
 Conjure Ball Lightning   Conj/Air       0%         3x3d6     100%        6
 Discord                  Hex            0%         N/A       100%        8
 Disjunction              Tloc           0%         N/A       100%        8


Dungeon Overview and Level Annotations

Branches:
Dungeon (4/15)
 Temple: D:4-7

Altars:
Elyvilon

Shops:
D:1 [

Annotations:
D:4 2 transporters, youngbrodi3's ghost, amateur DrAE


Innate Abilities, Weirdness & Mutations

Your serpentine skin is tough. (AC +1)
You have supernaturally acute eyesight. (SInv)
Armour fits poorly on your strangely shaped body.
Your system is resistant to poisons. (rPois)
You cover ground very slowly.
You can spit poison.
You have a snake-like lower body.


Message History

Robin throws the goblin at you!
* * * LOW HITPOINT WARNING * * *
The goblin unwields a +0 hunting sling.
The goblin wields a +0 club.
The goblin barely misses you.
Okay, then.
Throw: 6 javelins (silver)
Press: ? - help, Q - select action, (/) - cycle Shift-Dir - straight line, f - Robin
Aim: Robin, wielding a +0 spear, wearing a +0 animal skin and wearing a +0 helmet (64% to hit)
You throw a silver javelin.
The silver javelin pierces through the goblin!
You kill the goblin!
The silver javelin pierces through Robin!
Robin is severely wounded.
The goblin no longer looks unusually strong. x2
The goblin closely misses you.
Robin roars a battlecry!
The goblins go into a battle-frenzy!
The goblin barely misses you. The goblin hits you with a +0 club.
* * * LOW HITPOINT WARNING * * *
Throw: 5 javelins (silver)
Press: ? - help, Q - select action, (/) - cycle Shift-Dir - straight line, f/p - Robin
Aim: Robin, wielding a +0 spear, wearing a +0 animal skin and wearing a +0 helmet (severely wounded, 64% to hit)
You throw a silver javelin.
The silver javelin closely misses the hobgoblin.
The silver javelin barely misses the goblin.
The silver javelin pierces through Robin.
You kill Robin!
The goblin closely misses you. The hobgoblin barely misses you.
The goblin closely misses you. The goblin hits you with a +0 dagger.
* * * LOW HITPOINT WARNING * * *
Your Transmutations skill increases to level 5!
You have reached level 5!
Throw: 4 javelins (silver)
Press: ? - help, Q - select action, (/) - cycle Shift-Dir - straight line, f - goblin
Aim: a goblin, wielding a +0 club and quivering stones (strong, 47% to hit)
You throw a silver javelin.
The silver javelin pierces through the goblin.
You kill the goblin!
The hobgoblin barely misses you. The goblin hits you with a +0 club.
You die...

################
##≈≈..#...#.(....#
#≈≈≈..'...'..))..#
##≈≈≈ #.).)..#
#≈≈#########.g##'g#
##≈≈#........gg#...#
###...'........g@#g..#
......'........).#.g)#
....).'..........#.g.#
....≈≈#......()..#...#
....≈≈#########..#...#
....#≈≈≈. #..#...#
....#≈≈≈.. '..#
....##≈≈..# ####
......≈≈..#


You could see a hobgoblin (strong) and 3 goblins.

Vanquished Creatures
  An iguana (D:4)
  Robin (D:4)
  2 adders
  A dart slug (D:1)
  5 orcs (D:4)
  An endoplasm (D:1)
  A giant cockroach (D:1)
  14 goblins
  4 hobgoblins
  6 jackals
  6 kobolds
  A quokka (D:3)
  4 ball pythons
  A bat (D:3)
  5 frilled lizards
  4 rats
57 creatures vanquished.

Vanquished Creatures (others)
  A butterfly (D:4)
1 creature vanquished.

Grand Total: 58 creatures vanquished

Notes
Turn   | Place    | Note
-------+----------+-------------------------------------------
     0 | D:1      | MiltankisOP the Naga Transmuter began the quest for the
                  | Orb.
     0 | D:1      | Reached XP level 1. HP: 18/18 MP: 3/3
   202 | D:1      | Found a faded altar of an unknown god.
   350 | D:1      | Reached XP level 2. HP: 25/25 MP: 3/5
   685 | D:1      | Reached skill level 3 in Transmutations
   947 | D:1      | Found Podd's Antique Armour Emporium.
  1457 | D:2      | Reached XP level 3. HP: 7/31 MP: 4/6
  2602 | D:3      | HP: 1/31 [kobold/+0 whip (2)]
  2932 | D:4      | Found a white marble altar of Elyvilon.
  2959 | D:4      | Reached skill level 4 in Transmutations
  3053 | D:4      | Reached XP level 4. HP: 38/38 MP: 7/7
  3208 | D:4      | Noticed a water moccasin
  3211 | D:4      | Found a transporter.
  3226 | D:4      | Noticed youngbrodi3's ghost (amateur DrAE)
  3236 | D:4      | Found a transporter.
  3799 | D:4      | Noticed Robin
  3814 | D:4      | Killed Robin
  3814 | D:4      | HP: 1/38 [goblin/+0 dagger[Robin] (3)]
  3815 | D:4      | Reached skill level 5 in Transmutations
  3815 | D:4      | Reached XP level 5. HP: 1/44 MP: 8/8
  3815 | D:4      | Slain by a goblin

Illustrated notes

Levels and vault maps discovered:
D:1:      wander_arrival_desolate, layout_basic, serial_shops,
          nicolae_shop_behind_doors, hellmonk_ecumenical_altar_inner_sanctum
D:2:      layout_rooms, nrook_uturn
D:3:      layout_loops_ring
D:4:      kennysheep_goblin_castle, layout_gridville,
          nicolae_elyvilon_peaceful_grove, gammafunk_ghost_arena,
          corner_web_ring

Skill      XL: |  1  2  3  4 |
---------------+-------------+-----
Transmutations | 3 4 5 |  5.0
Fighting       | |  1.0
Dodging        | |  1.5
Unarmed Combat | |  3.0
Spellcasting   | |  2.0

Action                   |  1- 3 |  4- 6 || total
-------------------------+-------+-------++-------
Melee: Unarmed           |    53 |       ||    53
       Headbutt          |    10 |       ||    10
       Punch             |     1 |       ||     1
       Spear             |    56 |    39 ||    95
Throw: Javelin           |       |     3 ||     3
 Cast: Beastly Appendage |    26 |     1 ||    27
 Abil: Spit Poison       |     6 |     1 ||     7
Armor: Robe              |    21 |     9 ||    30
Dodge: Dodged            |    61 |    37 ||    98
